 Dungeon Crawl Stone Soup version 0.21.1-1-g345015f (webtiles) character file.

14 glosham the Bolt Thrower (level 2, -3/15 HPs)
             Began as a Vine Stalker Hunter on May 31, 2018.
             Slain by a hound (4 damage)
             ... on level 4 of the Dungeon.
             The game lasted 00:09:27 (456 turns).

glosham the Bolt Thrower (Vine Stalker Hunter)       Turns: 456, Time: 00:09:28

Health: -3/15      AC:  6    Str: 14    XL:     2   Next: 45%
Magic:  0/3        EV: 12    Int: 11    God:
Gold:   46         SH:  0    Dex: 14    Spells: 1/1 levels left

rFire    . . .     SeeInvis .     - Unarmed
rCold    . . .     Gourm    .   (no shield)
rNeg     . . .     Faith    .   X - +0 leather armour
rPois    .         Spirit   +   (no helmet)
rElec    .         Reflect  .   (no cloak)
rCorr    .         Harm     .   V - +0 pair of gloves
MR       .....                  W - +1 pair of boots
Stlth    ++........             (no amulet)
HPRegen  0.05/turn              (no ring)
MPRegen  0.08/turn              (no ring)

@: no status effects
A: fangs 2, magic shield, antimagic bite, no potion heal 3, rot immunity
a: no special abilities


You were on level 4 of the Dungeon.
You were not hungry.

You visited 1 branch of the dungeon, and saw 4 of its levels.

You collected 46 gold pieces.

Inventory:

Hand Weapons
 b - a +0 short sword
 d - a +1 hand crossbow
Missiles
 a - 16 bolts
 e - 8 curare-tipped needles
Armour
 V - a +0 pair of gloves (worn)
 W - a +1 pair of boots (worn)
 X - a +0 leather armour (worn)
Scrolls
 c - a scroll of amnesia
 g - a scroll of immolation {unknown}
 h - a scroll of remove curse
 i - a scroll of teleportation {unknown}
Potions
 j - a potion of cancellation
 k - a potion of mutation {unknown}
Comestibles
 f - 3 rations


   Skills:
 - Level 1.7 Fighting
 - Level 3.6 Crossbows
 - Level 1.5 Dodging
 - Level 1.2 Stealth
 * Level 2.0 Unarmed Combat


You had one spell level left.
You didn't know any spells.

Dungeon Overview and Level Annotations

Branches:
Dungeon (4/15)
 Temple: D:4-7

Altars:

Annotations:
D:4 rock vault


Innate Abilities, Weirdness & Mutations

You have extremely sharp teeth.
When hurt, damage is shared between your health and your magic reserves.
Your bite disrupts and absorbs the magic of your enemies.
Potions cannot restore your health.
You are immune to rotting.


Message History

The hound misses you.
You closely miss the hound. The hound bites you.
You barely miss the hound. You bite the hound. You drain its power.
You feel invigorated.
The hound is lightly wounded.
The hound bites you. The hound bites you but does no damage.
You miss the hound.
The hound is lightly wounded.
The hound bites you but does no damage.
You miss the hound. You bite the hound, but do no damage.
The hound is lightly wounded.
The hound bites you.
You barely miss the hound.
The hound is lightly wounded.
The hound bites you but does no damage. The hound bites you.
* * * LOW HITPOINT WARNING * * *
You hit the hound. You bite the hound, but do no damage.
The hound is lightly wounded.
The hound closely misses you.
You hit the hound but do no damage. Your bite misses the hound.
The hound is lightly wounded.
The hound bites you but does no damage. The hound bites you.
* * * LOW HITPOINT WARNING * * *
You barely miss the hound. Your bite misses the hound.
The hound is lightly wounded.
The hound completely misses you.
You aren't carrying any items that you can evoke.
Unknown command.
It was a potion of cancellation.
You feel magically purged. The hound barely misses you. The hound bites you.
You hit the hound.
The hound is moderately wounded.
The hound bites you but does no damage.
You hit the hound.
The hound is moderately wounded.
The hound completely misses you. The hound barely misses you.
You completely miss the hound.
The hound is moderately wounded.
The hound bites you.
You die...

*,***,,,,********### ########
,,,,,,,,,,,,,,,,,..#
*,*,****.****,,**#.#
*,*,**,,..,**,,* #.#
*,*,*,,,...,*,,* #.#
*,*,*,,,,...*,,* #.#
,,*,,,,,_,,.(,** #.#
,,,,*,,,,,,,#.####.###
**,,*,,,,,,,#.Zh@....############
*,,**,,,,,*#..#####.............
*,,****,***#..* ##############
**,,,,,,,,....* ********##...*
####*


You could see a hound and a hound skeleton.

Vanquished Creatures
  A worm (D:2)
  A leopard gecko (D:1)
  A bat (D:1)
  A giant cockroach (D:4)
  A goblin (D:1)
  2 hobgoblins
  A kobold (D:1)
  A leopard gecko skeleton (D:4)
9 creatures vanquished.

Notes
Turn   | Place    | Note
-------+----------+-------------------------------------------
     0 | D:1      | glosham the Vine Stalker Hunter began the quest for the Orb.
     0 | D:1      | Reached XP level 1. HP: 11/11 MP: 2/2
    55 | D:1      | Reached skill level 1 in Unarmed Combat
   167 | D:1      | Reached XP level 2. HP: 10/15 MP: 3/3
   212 | D:2      | HP: 1/15 [worm (8)]
   318 | D:4      | Reached skill level 2 in Unarmed Combat
   451 | D:4      | HP: 1/15 [hound (1)]
   456 | D:4      | Slain by a hound

Skill      XL: |  1  2 |
---------------+-------+-----
Unarmed Combat | 1 2 |  2.0
Fighting       | |  1.7
Crossbows      | |  3.6
Dodging        | |  1.5
Stealth        | |  1.2

Action                   || total
-------------------------++-------
Melee: Short sword       ||    15
       Bite              ||     8
       Unarmed           ||    13
 Fire: Hand crossbow     ||    19
  Use: Scroll            ||     4
       Potion            ||     1
Armor: Leather armour    ||    13
Dodge: Dodged            ||    18

Table legend:
 A = Turns spent in this place as a percentage of turns spent in the entire game.
 B = Non-inter-level travel turns spent in this place as a percentage of non-inter-level travel turns spent in the entire game.
 C = Inter-level travel turns spent in this place as a percentage of turns spent in this place.
 D = Turns resting spent in this place as a percentage of non-inter-level travel turns spent in this place.
 E = Turns spent auto-exploring this place as a percentage of non-inter-level travel turns spent in this place.
 F = Non-inter-level travel turns spent in this place divided by the number of levels of this place that you've seen.
                   A       B       C       D       E      F
               +-------+-------+-------+-------+-------+----------------------
         Total | 100.0 | 100.0 |   0.0 |   0.0 |   0.0 | 114.0
       Dungeon | 100.0 | 100.0 |   0.0 |   0.0 |   0.0 | 114.0
               +-------+-------+-------+-------+-------+----------------------

Table legend:
 A = Kills in this place as a percentage of kills in entire the game.
 B = Kills by you in this place as a percentage of kills by you in the entire game.
 C = Kills by friends in this place as a percentage of kills by friends in the entire game.
 D = Other kills in this place as a percentage of other kills in the entire game.
 E = Experience gained in this place as a percentage of experience gained in the entire game.
 F = Experience gained in this place divided by the number of levels of this place that you have seen.
                   A       B       C       D       E      F
               +-------+-------+-------+-------+-------+----------------------
         Total | 100.0 | 100.0 |   N/A |   N/A | 100.0 |   5.2
       Dungeon | 100.0 | 100.0 |   N/A |   N/A | 100.0 |   5.2
               +-------+-------+-------+-------+-------+----------------------

Vault maps used:
D:1:      roderic_octagonal_star
D:3:      minitemple, first_ration
D:4:      old_standard_altar, nemelex_xobeh_ov_fountains_minmay,
          due_unseen_surprise
